[Event "Team 45 45 League T73"]
[Site "Internet Chess Club"]
[Date "2017.08.05"]
[Round "8"]
[White "QuimCatala"]
[Black "seattleblues"]
[Result "0-1"]
[WhiteElo "1321"]
[BlackElo "1322"]
[Opening "Caro-Kann: advance variation"]
[ECO "B12"]
[Time "21:00:17"]
[TimeControl "2700+45"]

1. e4 c6 2. d4 d5 3. e5 Bf5 4. Be3 e6 5. Bd3 Bxd3 6. Qxd3 Ne7 7. Bg5 Nd7 8. Nf3
h6 9. Bh4 Qb6 10. b3 Nf5 11. O-O Nxh4 12. Nxh4 Be7 13. Nf3 O-O 14. c4 Rac8 15.
c5 Qd8 16. Na3 b6 17. b4 b5 18. Nc2 Ra8 19. a3 f6 20. Rfe1 Qc8 21. Nh4 fxe5 22.
Ng6 Rf7 23. Nxe7+ Rxe7 24. dxe5 Qc7 25. f4 Rf7 26. Nd4 Re8 27. Qh3 Nf8 28. Re3
Rxf4 29. Ne2 Rf5 30. Qg3 Rg5 31. Qf4 Ng6 32. Qd4 Nxe5 33. Qf4 Rf8 34. Qh4 Nf3+
35. Rxf3 Rxf3 36. Nd4 Rf6 37. Rf1 Rxf1+ 38. Kxf1 Qf7+ 39. Kg1 Qe8 40. Nf3 Rh5
41. Qg4 e5 42. Qg3 e4 43. Nh4 e3 44. Kf1 d4 45. Ke2 Qd8 46. Nf3 Qd5 47. Qg4 Qc4+
48. Ke1 Qc1+ 49. Ke2 Qc2+ 50. Ke1 Qf2+ 51. Kd1 e2+ 52. Kd2 e1=Q+ {White resigns}
0-1

[Event "Team 45 45 League T73"]
[Site "Internet Chess Club"]
[Date "2017.08.07"]
[Round "8"]
[White "Conjurer"]
[Black "GideonL"]
[Result "0-1"]
[WhiteElo "1223"]
[BlackElo "1377"]
[Opening "Queen's pawn, Mason variation"]
[ECO "D00"]
[Time "18:03:40"]
[TimeControl "2700+45"]

1. d4 d5 2. Bf4 Nf6 3. e3 e6 4. Nf3 Bd6 5. Bg3 O-O 6. c4 c6 7. Bd3 h6 8. Ne5
Nbd7 9. Nc3 Bb4 10. O-O Be7 11. Qc2 dxc4 12. Bxc4 Nb6 13. Bb3 Nbd5 14. a3 Bd7
15. e4 Nxc3 16. bxc3 Rc8 17. Qd3 a6 18. a4 c5 19. d5 exd5 20. exd5 Bd6 21. Ng6
fxg6 22. Bxd6 Bf5 23. Qg3 Rf7 24. Be5 Ne4 25. Qe3 c4 26. Bc2 Qxd5 27. Bd4 Ng3
28. Bd1 Nxf1 29. Kxf1 Bd3+ 30. Be2 Bxe2+ 31. Qxe2 Rcc7 32. Rd1 Qf5 33. Bb6 Rce7
34. Qxc4 Kh7 35. g4 Qe6 36. Qb4 Qe2+ {White resigns} 0-1

[Event "Team 45 45 League T73"]
[Site "Internet Chess Club"]
[Date "2017.08.02"]
[Round "8"]
[White "Constrictor"]
[Black "QuieroAprender"]
[Result "1/2-1/2"]
[WhiteElo "1478"]
[BlackElo "1615"]
[Opening "King's Indian: Smyslov system"]
[ECO "E61"]
[Time "20:42:25"]
[TimeControl "2700+45"]

1. d4 Nf6 2. c4 g6 3. Nc3 d6 4. Nf3 Bg7 5. Bg5 Nbd7 6. e4 O-O 7. Qd2 e5 8. dxe5
Nxe5 9. Nxe5 dxe5 10. Qxd8 Rxd8 11. Nd5 Rd6 12. c5 Rxd5 13. exd5 Nxd5 14. O-O-O
c6 15. Bc4 Be6 16. a3 Bf8 17. b4 b6 18. cxb6 axb6 19. Kb2 b5 20. Bxd5 Bxd5 21.
Bf6 Bxg2 22. Rhe1 Bf3 23. Rd8 Rxd8 24. Bxd8 Bd5 25. Bf6 e4 26. Kc3 Bg7 27. Bxg7
Kxg7 28. Kd4 Kf6 29. Ra1 h5 30. a4 bxa4 31. Rxa4 Ke6 32. Ra6 Kd6 33. b5 f5 34.
bxc6 Bxc6 35. Ra7 Bd7 36. Ra6+ Bc6 37. Ra7 Bd7 38. Ra6+ Bc6 39. Ra7 Ke6 40. Ra6
Kd7 41. Ke5 h4 42. Kf6 f4 43. Kxg6 e3 44. fxe3 fxe3 45. Kg5 h3 46. Ra3 Bg2 47.
Rxe3 Kd6 48. Kh4 Kd7 49. Rxh3 Bxh3 50. Kxh3 Ke7 51. Kg4 Kf7 52. Kg5 Kg7 53. h4
Kh7 54. h5 Kg7 55. h6+ Kh7 56. Kh5 Kh8 57. Kg6 Kg8 58. h7+ Kh8 59. Kh6 {Black
stalemated} 1/2-1/2

[Event "Team 45 45 League T73"]
[Site "Internet Chess Club"]
[Date "2017.08.05"]
[Round "8"]
[White "UrsaMajor"]
[Black "drsigmund1"]
[Result "1-0"]
[WhiteElo "1535"]
[BlackElo "1445"]
[Opening "French defense"]
[ECO "C00"]
[Time "16:01:54"]
[TimeControl "2700+45"]

1. e4 e6 2. Nf3 d5 3. exd5 exd5 4. d4 Nc6 5. c3 Bg4 6. Bd3 Bd6 7. h3 Bh5 8. O-O
Nf6 9. Re1+ Be7 10. Na3 O-O 11. Nc2 Re8 12. Bg5 Ne4 13. Bxe7 Rxe7 14. Ne3 Re6
15. g4 Bg6 16. Qc2 Qf6 17. Kg2 Ng5 18. Nxg5 Qxg5 19. Kg3 Rf6 20. Nf5 Bxf5 21.
Bxf5 g6 22. f4 Qh6 23. g5 Qg7 24. gxf6 Qxf6 25. Bg4 h5 26. Re2 hxg4 27. hxg4 Kg7
28. Rh1 Ne7 29. Re5 Nc6 30. Re3 Ne7 31. Qh2 Ng8 {Black resigns} 1-0

[Event "Team 45 45 League T73"]
[Site "Internet Chess Club"]
[Date "2017.08.05"]
[Round "8"]
[White "oldbookseller"]
[Black "smsxman"]
[Result "0-1"]
[WhiteElo "924"]
[BlackElo "1389"]
[Opening "Queen's pawn"]
[ECO "A40"]
[Time "09:30:24"]
[TimeControl "2700+45"]

1. d4 e6 2. Nf3 c5 3. e3 cxd4 4. Nxd4 d5 5. Nd2 Bd7 6. Bd3 Nf6 7. O-O Be7 8.
N4f3 Nc6 9. Re1 O-O 10. e4 Nb4 11. Bf1 Bc6 12. e5 Ne4 13. c3 Na6 14. Nxe4 dxe4
15. Nd4 Nc5 16. Re3 Bg5 17. Rg3 Bxc1 18. Qxc1 Nd7 19. Qh6 g6 20. Be2 f5 21. Bh5
Nxe5 22. Nxe6 Qe7 23. Bxg6 Nxg6 24. Ng5 Qg7 25. Qxh7+ Qxh7 26. Nxh7 Kxh7 27.
Rh3+ Kg7 28. Re1 Rh8 29. Rg3 f4 30. Rg4 Rh4 31. Rg5 Kf6 32. Rc5 Rah8 33. h3 R4h5
34. Rc4 Ne5 35. Rc5 Nf3+ 36. gxf3 Rxc5 37. fxe4 Rg8+ 38. Kh1 Re5 39. f3 Rg3 40.
Kh2 Rxf3 41. Rd1 Bxe4 42. Rd6+ Ke7 43. Rd2 Rh5 44. Rd4 Rhxh3+ 45. Kg2 Bc6 46. b4
Rxc3+ 47. Kf2 Rc2+ 48. Ke1 Rh1# {White checkmated} 0-1